 Dungeon Crawl Stone Soup version 0.29.1-13-g9f3cf754e1 (webtiles) character file.

Game seed: 5305465345194263302

180 Thatpatchoflichen the Shooter (level 5, -1/33 HPs)
             Began as a Kobold Hunter on Jan 22, 2023.
             Succumbed to an adder's poison
             ... in a sewer.
             The game lasted 00:08:55 (2590 turns).

Thatpatchoflichen the Shooter (Kobold Hunter)       Turns: 2590, Time: 00:08:55

Health: -1/33      AC:  3    Str:  8    XL:     5   Next: 91%
Magic:  5/5        EV: 16    Int: 10    God:
Gold:   119        SH:  0    Dex: 21    Spells: 4/4 levels left

rFire   . . .      SeeInvis .   a - +0 shortbow
rCold   . . .      Faith    .   (shield currently unavailable)
rNeg    . . .      Spirit   .   c - +0 leather armour
rPois   .          Reflect  .   (no helmet)
rElec   .          Harm     .   (no cloak)
rCorr   .          Rampage  .   (no gloves)
Will    .....                   (no boots)
Stlth   ++++......              (no amulet)
HPRegen 0.11/turn               (no ring)
MPRegen 0.09/turn               (no ring)

@: brilliant, lethally poisoned (-1 -> -7)
A: small, no large weapons, nightstalker 3
a: no special abilities


You were in a sewer.
You visited 1 branch of the dungeon, and saw 4 of its levels.
You also visited: Sewer.

You collected 119 gold pieces.

Inventory:

Hand Weapons
 a - a +0 shortbow (weapon)
 g - a +1 dagger of speed
Missiles
 h - 3 datura-tipped darts
Armour
 c - a +0 leather armour (worn)
 n - an orb of energy
Scrolls
 b - 2 scrolls of immolation
 d - 2 scrolls of vulnerability {unknown}
 e - a scroll of summoning {unknown}
 f - a scroll of identify {unknown}
 i - a scroll of blinking {unknown}
 j - a scroll of noise {unknown}
 k - a scroll of enchant armour {unknown}
Potions
 m - a potion of mutation {unknown}
 o - a potion of haste {unknown}
 p - a potion of brilliance


   Skills:
 + Level 3.7 Fighting
 - Level 6.0 Ranged Weapons
 + Level 4.2 Dodging
 - Level 4.0 Stealth


You had 4 spell levels left.
You didn't know any spells.
Your spell library was empty.

Dungeon Overview and Level Annotations

Branches:
Dungeon (4/15)              Sewer (1/1)
 Temple: D:4-7

Altars:

Shops:
D:1 ?


Innate Abilities, Weirdness & Mutations

You are small and have problems with some larger weapons.
You are completely attuned to the shadows.


Message History

Aim: an adder (lightly wounded, 51% to hit)
Okay, then.
You feel better. The rat closely misses you. The adder bites you.
You are poisoned.
The adder poisons you! The frilled lizard barely misses you.
The rat barely misses you.
Fire: a) +0 shortbow
Press: ? - help, Q - select action, (/) - cycle Shift-Dir - straight line, f/p - adder
Aim: an adder (lightly wounded, 51% to hit)
You shoot an arrow. The arrow misses the adder.
You feel sick. The adder barely misses you. The rat bites you.
The frilled lizard barely misses you. The rat barely misses you.
The adder barely misses you.
Fire: a) +0 shortbow
Press: ? - help, Q - select action, (/) - cycle Shift-Dir - straight line, f/p - adder
Aim: an adder (lightly wounded, 51% to hit)
You shoot an arrow. The arrow hits the adder!
The adder is severely wounded.
You feel sick. The rat bites you but does no damage.
The frilled lizard bites you. The adder bites you.
* * * LOW HITPOINT WARNING * * *
You are lethally poisoned!
The adder poisons you! The rat bites you but does no damage. The rat bites you.
* * * LOW HITPOINT WARNING * * *
The frilled lizard barely misses you.
Fire: a) +0 shortbow
Press: ? - help, Q - select action, (/) - cycle Shift-Dir - straight line, f/p - adder
Aim: an adder (severely wounded, 51% to hit)
You shoot an arrow. The arrow hits the adder.
The adder is severely wounded.
* * * LOW HITPOINT WARNING * * *
You feel sick. The adder completely misses you. The rat bites you.
* * * LOW HITPOINT WARNING * * *
The adder closely misses you. The rat closely misses you.
The frilled lizard bites you.
* * * LOW HITPOINT WARNING * * *
The rat bites you but does no damage.
It was a potion of brilliance.
You feel clever all of a sudden.
You die...

##....~≈≈≈≈≈≈
#.....~~≈≈≈≈≈
#....†..≈≈≈≈≈
#......~≈≈≈≈≈
##.....~.≈≈≈≈
#.....~.≈≈≈~
##......≈≈≈~.##
####...rl~.≈≈~..#
#∩###..@r..≈≈....
#.###...S.~≈≈....
#..#.......≈~....
##.........~≈~...
##........≈≈~...
##.......≈≈....
##....~.≈≈≈....
#......≈≈≈≈.~.
##......≈≈≈≈


You could see an adder, a frilled lizard and 2 rats.

Vanquished Creatures
  A jelly (D:4)
  A hound (D:4)
  3 river rats
  3 adders
  3 dart slugs
  An orc (D:2)
  9 ball pythons
  5 bats
  4 endoplasms
  4 giant cockroaches
  3 goblins (D:1)
  3 hobgoblins
  2 quokkas
  2 frilled lizards
  12 kobolds
  9 rats
65 creatures vanquished.

Vanquished Creatures (others)
  4 plants (D:4)
4 creatures vanquished.

Grand Total: 69 creatures vanquished

Notes
Turn   | Place    | Note
-------+----------+-------------------------------------------
     0 | D:1      | Thatpatchoflichen the Kobold Hunter began the quest for the
                  | Orb.
     0 | D:1      | Reached XP level 1. HP: 12/12 MP: 1/1
    97 | D:1      | Reached XP level 2. HP: 16/18 MP: 2/2
   433 | D:1      | Found Zyezuikk's Magic Scroll Emporium.
   460 | D:1      | Reached XP level 3. HP: 22/22 MP: 3/3
  1252 | D:2      | Reached XP level 4. HP: 25/27 MP: 4/4
  2000 | D:4      | Reached skill level 6 in Ranged Weapons
  2035 | D:4      | Reached XP level 5. HP: 32/32 MP: 5/5
  2064 | D:4      | Found a glowing drain.
  2107 | Sewer    | Entered a sewer
  2589 | Sewer    | HP: 1/33 [frilled lizard (2)]
  2590 | Sewer    | Succumbed to an adder's poison

Illustrated notes

Levels and vault maps discovered:
D:1:      mushboom_english_gardens, layout_basic, serial_shops, shop,
          kennysheep_flooded_box
D:2:      layout_basic
D:3:      layout_rooms, basic_ecumenical_altar, minmay_misc_feat_tiny,
          st_stairs_3
D:4:      layout_cave_pools, nicolae_ru_path_of_blood, gammafunk_ghost_smash,
          portal_sewer_entry_a, serial_bayou, serial_bayou_pond_c,
          serial_bayou_crossing, serial_bayou_pond_d, serial_bayou_pond_d
Sewer:    sewer_minmay_treatment

Skill      XL: |  1  2  3  4  5 |
---------------+----------------+-----
Stealth        | 2 3 4 |  4.0
Dodging        | 3 4 |  4.2
Fighting       | 3 |  3.7
Ranged Weapons | 6 |  6.0

Action                   |  1- 3 |  4- 6 || total
-------------------------+-------+-------++-------
 Fire: Shortbow          |    84 |   105 ||   189
  Use: Potion            |       |     3 ||     3
Armor: Leather armour    |    15 |    18 ||    33
Dodge: Dodged            |    44 |   128 ||   172
